Map: Newkirk Precinct TE (Void)

Players

GuMiho - Winner!

  • Race: Terran Terran
  • Spawn Location: 5:00

ShoWTimE

  • Race: Protoss Protoss
  • Spawn Location: 7:00

Event: IEM XI Katowice - World Championship 2017

VOD

Have the link to the VOD?

Description

Time

  • Played on: March 3, 2017, 2:02 p.m.
  • Length: 11:13

All games in this series

Show
View Real Time Build Order
Export as new Build Order

GuMiho Terran - Winner!

Build Orders: 1/1/1, MMM Bio 

Get SALT Encoding   

  12  0:00  SCV  
  13  0:12  SCV  
  14  0:17  Supply Depot  
  14  0:24  SCV  
  15  0:29  Refinery  
  15  0:39  SCV  
  16  0:46  Barracks  
  16  0:51  SCV  
  17  1:03  SCV  
  18  1:15  SCV  
  19  1:27  SCV  
  20  1:33  Marine  
  20  1:39  Orbital Command  
  21  1:43  Factory  
  21  1:59  Command Center  
  21  2:04  SCV  
  22  2:10  Supply Depot  
  22  2:14  Refinery  
  22  2:16  SCV  
  23  2:28  Starport  
  23  2:31  Widow Mine  
  23  2:34  Marine  
  23  2:36  SCV  
  27  2:48  SCV  
  28  2:52  Marine  
  29  2:59  Widow Mine  
  31  3:09  Barracks  
  31  3:10  Medivac  
  31  3:11  Orbital Command  
  33  3:12  Marine  
  33  3:15  SCV  
  35  3:24  Barracks  
  35  3:28  Widow Mine  
  35  3:32  Barracks Reactor  
  37  3:34  SCV  
  37  3:38  SCV  
  37  3:40  Supply Depot  
  39  3:44  Medivac  
  39  3:47  SCV  
  42  3:50  SCV  
  42  3:55  Supply Depot  
  43  3:56  Barracks Tech Lab  
  43  4:00  Widow Mine  
  43  4:01  SCV  
  46  4:03  SCV  
  47  4:14  Marine x2  
  47  4:16  Marine, Stimpack  
  48  4:17  Marine  
  48  4:19  SCV x2  
  50  4:30  Starport Reactor, Factory Reactor  
  50  4:31  SCV x2  
  52  4:38  Marine x2  
  53  4:39  Marine  
  53  4:40  Barracks Tech Lab  
  53  4:43  SCV x2  
  55  4:47  Supply Depot  
  55  4:55  SCV x2  
  55  4:56  Marine x2  
  55  4:57  Marine, Engineering Bay  
  60  5:02  Supply Depot x2, Refinery  
  58  5:10  Marine  
  58  5:13  Marine  
  58  5:14  Marine, Widow Mine x2  
  61  5:15  Medivac x2  
  61  5:17  SCV  
  70  5:23  SCV  
  70  5:24  Terran Infantry Weapons Level 1  
  71  5:29  Supply Depot  
  71  5:31  SCV  
  71  5:33  Marine x2, Supply Depot  
  71  5:34  Combat Shields  
  72  5:35  SCV  
  72  5:40  Marine  
  72  5:41  Marine  
  73  5:43  SCV  
  73  5:45  Widow Mine  
  73  5:46  Widow Mine  
  73  5:48  SCV  
  79  5:52  Marine x2  
  79  5:56  Supply Depot  
  81  5:57  SCV  
  81  5:58  Marine  
  81  5:59  Marine  
  81  6:04  SCV  
  85  6:08  Medivac x2  
  85  6:11  SCV  
  89  6:14  Marine  
  89  6:15  Marine  
  89  6:16  Marine, SCV  
  89  6:17  Marine  
  88  6:26  SCV  
  88  6:28  SCV  
  88  6:32  Marine  
  90  6:33  Marine  
  90  6:34  Marine  
  90  6:35  Command Center  
  90  6:37  Widow Mine x2  
  96  6:42  SCV x2  
  98  6:48  Marine  
  98  6:49  Marine  
  98  6:50  Marine  
  98  6:52  Supply Depot  
  99  7:01  Barracks x2  
  99  7:03  SCV x2  
  99  7:06  Marauder  
  102  7:13  Marauder  
  104  7:27  Marauder  
  104  7:30  SCV x2  
  104  7:32  Terran Infantry Armor Level 1  
  104  7:34  Refinery  
  104  7:36  Supply Depot  
  103  7:37  Supply Depot  
  103  7:39  Marauder  
  103  7:42  SCV x2  
  103  7:44  Widow Mine x2  
  105  7:45  Medivac x2  
  112  7:52  Barracks Tech Lab, Barracks Reactor  
  112  7:57  Marine x2, Marauder  
  110  8:02  Marine  
  107  8:07  SCV x2  
  107  8:08  Orbital Command  
  107  8:14  Marauder  
  107  8:15  Marine x2  
  107  8:18  Marauder  
  107  8:19  SCV  
  115  8:20  SCV  
  114  8:27  Marauder  
  114  8:30  Widow Mine x2  
  114  8:31  Medivac x2  
  114  8:32  Marine, SCV x2  
  114  8:33  Marine x2  
  128  8:35  Marauder  
  128  8:37  Concussive Shells, Marine  
  128  8:39  Marine  
  132  8:46  SCV  
  132  8:47  SCV  
  132  8:48  SCV  
  135  8:51  Marine, Marauder, Barracks  
  135  8:52  Barracks  
  135  8:54  Marine, Barracks  
  135  8:55  Marine x2  
  141  8:57  Marauder  
  141  8:59  Marauder  
  145  9:03  SCV x2  
  145  9:04  Supply Depot x2  
  145  9:05  SCV  
  145  9:09  Marine  
  148  9:17  Marauder  
  148  9:18  Marauder  
  148  9:21  Marauder  
  129  9:24  Marine  
  129  9:26  Marine  
  122  9:32  Marine x2  
  122  9:39  Marauder x2  
  122  9:40  Marine  
  122  9:41  Marine x2, Widow Mine x2  
  122  9:42  Marine, Marauder  
  122  9:43  Marine  
  137  9:49  Marine  
  137  9:50  Marine  
  138  9:58  Marine  
  138  9:59  Marine x2  
  141  10:00  Marine, Marauder  
  141  10:01  Marine, Marauder  
  141  10:04  Marauder  
  149  10:07  Marine x2  
  144  10:16  Marine x2  
  144  10:17  Marine  
  144  10:18  Marine, Widow Mine x2  
  144  10:19  Marine  
  143  10:21  Marauder  
  143  10:22  Marauder  
  143  10:24  Marine  
  143  10:25  Marine x2  
  145  10:34  Marine x3  
  144  10:36  Marine  
  144  10:37  Marine  
  143  10:43  Marine x3, Marauder x2  
  135  10:52  Marine x3  
  135  10:53  Marine  
  135  10:55  Marine  
Show
View Real Time Build Order
Export as new Build Order

ShoWTimE Protoss 

Build Orders: 1 Gate Expand, Phoenix Opening 

Get SALT Encoding   

  12  0:00  Probe (Chrono Boost)  
  13  0:11  Probe (Chrono Boost)  
  14  0:18  Pylon  
  14  0:22  Probe (Chrono Boost)  
  15  0:36  Gateway, Probe (Chrono Boost)  
  16  0:43  Assimilator  
  16  0:47  Probe (Chrono Boost)  
  17  0:57  Probe (Chrono Boost)  
  18  1:08  Probe (Chrono Boost)  
  19  1:22  Nexus  
  19  1:25  Probe (Chrono Boost)  
  20  1:34  Cybernetics Core  
  20  1:38  Probe (Chrono Boost)  
  21  1:43  Assimilator  
  21  1:49  Probe (Chrono Boost)  
  21  1:54  Pylon  
  22  2:00  Probe (Chrono Boost)  
  23  2:11  Adept  
  23  2:12  Mothership Core (Chrono Boost)  
  27  2:19  Warp Gate  
  27  2:33  Probe (Chrono Boost)  
  27  2:34  Probe (Chrono Boost)  
  29  2:37  Adept  
  32  2:45  Probe x2 (Chrono Boost)  
  33  2:52  Stargate  
  33  2:56  Probe (Chrono Boost)  
  33  2:57  Probe (Chrono Boost)  
  34  3:01  Adept  
  36  3:06  Probe (Chrono Boost)  
  36  3:09  Probe (Chrono Boost)  
  38  3:16  Pylon  
  38  3:17  Probe (Chrono Boost)  
  40  3:21  Probe (Chrono Boost)  
  40  3:25  Pylon  
  40  3:27  Probe (Chrono Boost)  
  40  3:28  Adept  
  40  3:33  Phoenix, Probe (Chrono Boost)  
  47  3:45  Robotics Facility  
  47  3:49  Probe x2 (Chrono Boost)  
  47  3:54  Assimilator  
  48  4:00  Probe (Chrono Boost)  
  48  4:01  Oracle  
  48  4:02  Probe (Chrono Boost)  
  53  4:11  Probe (Chrono Boost)  
  53  4:14  Probe (Chrono Boost)  
  55  4:21  Probe (Chrono Boost)  
  54  4:26  Probe (Chrono Boost)  
  54  4:30  Observer  
  55  4:32  Pylon, Probe (Chrono Boost)  
  55  4:38  Probe (Chrono Boost)  
  58  4:42  Probe (Chrono Boost)  
  59  4:46  Phoenix  
  59  4:50  Probe (Chrono Boost)  
  62  4:53  Probe (Chrono Boost)  
  63  5:02  Probe (Chrono Boost)  
  63  5:03  Probe (Chrono Boost)  
  63  5:07  Observer  
  65  5:11  Phoenix  
  68  5:14  Probe (Chrono Boost)  
  68  5:17  Nexus  
  68  5:21  Pylon  
  67  5:31  Assimilator  
  67  5:34  Twilight Council  
  68  5:36  Phoenix, Forge  
  68  5:37  Probe (Chrono Boost)  
  70  5:45  Gateway  
  70  5:49  Gateway  
  70  5:50  Gateway  
  70  5:54  Adept  
  72  6:02  Pylon  
  72  6:03  Phoenix  
  74  6:14  Resonating Glaives, Protoss Ground Weapons Level 1  
  74  6:17  Probe (Chrono Boost)  
  74  6:18  Probe (Chrono Boost), Gateway  
  76  6:20  Adept  
  78  6:27  Probe (Chrono Boost)  
  78  6:28  Phoenix  
  78  6:30  Probe (Chrono Boost)  
  82  6:36  Observer  
  82  6:38  Gateway  
  83  6:46  Adept x4  
  91  6:53  Phoenix  
  93  6:56  Pylon  
  93  6:57  Probe x2 (Chrono Boost)  
  93  6:59  Probe (Chrono Boost)  
  93  7:09  Adept x3, Probe (Chrono Boost)  
  93  7:13  Pylon  
  92  7:30  Adept x3  
  96  7:49  Pylon  
  90  7:52  Pylon  
  83  8:13  Adept x2  
  83  8:14  Protoss Ground Armor Level 1  
  83  8:17  Pylon  
  85  8:21  Pylon  
  85  8:23  Nexus  
  85  8:24  Pylon  
  85  8:30  Phoenix  
  84  8:39  Warp Prism  
  84  8:40  Assimilator, Adept x3  
  90  8:44  Assimilator  
  90  8:47  Adept  
  94  8:52  Probe (Chrono Boost)  
  94  8:54  Adept x2  
  99  8:56  Phoenix  
  100  9:05  Adept x2  
  104  9:10  Adept x2  
  106  9:18  Adept x2  
  96  9:27  Adept x2  
  86  9:42  Adept x4  
  86  9:45  Probe x2 (Chrono Boost)  
  93  9:46  Probe (Chrono Boost)  
  93  9:50  Adept x2  
  95  9:55  Observer  
  81  10:06  Adept x4  
  89  10:13  Adept x2  
  75  10:26  Adept  
  75  10:27  Adept x3  
  62  10:37  Adept x2  
  64  10:48  Adept x3  
  64  10:49  Adept  

Tags
 
Add a new tag
Caveats
  • Supply blocks, unpowered buildings, or Contaminate may cause inaccurate times.
  • Supply counts are checked every 10 seconds.